 Dungeon Crawl Stone Soup version 0.18.1-48-g4cf74bf (webtiles) character file.

122 Alarkh the Shooter (level 4, -5/33 HPs)
             Began as a Mummy Hunter on Aug 11, 2016.
             Slain by an orc priest
             ... wielding a +0 falchion
              (7 damage)
             ... on level 4 of the Dungeon.
             The game lasted 00:04:44 (3117 turns).

Alarkh the Shooter (Mummy Hunter)                   Turns: 3117, Time: 00:04:46

Health: -5/33      AC:  0    Str: 18    XL:     4   Next: 78%
Magic:  4/4        EV: 11    Int: 11    God:
Gold:   201        SH:  0    Dex: 12    Spells: 0 memorised, 3 levels left

rFire  x . .     SeeInvis .     a - +1 shortbow
rCold  + . .     Gourm    .     c - +0 leather armour
rNeg   + + +     Faith    .     (shield currently unavailable)
rPois  ∞         Spirit   .     m - -2 helmet (curse)
rElec  .         Dismiss  .     (no cloak)
rCorr  .         Reflect  .     (no gloves)
SustAt .         Harm     .     (no boots)
MR     .....                    (no amulet)
Stlth  +.........               l - -2 ring of protection (curse)
                                g - +3 ring of strength

@: not resistant to hostile enchantments, very unstealthy
A: no food or potions, fire vulnerability, cold resistance 1, negative energy
resistance 3, torment resistance, unbreathing
a: no special abilities


You were on level 4 of the Dungeon.
You were not hungry.

You visited 1 branch of the dungeon, and saw 4 of its levels.

You collected 201 gold pieces.

Inventory:

Hand Weapons
 a - a +1 shortbow (weapon)
 b - a +0 short sword
Missiles
 d - 34 arrows (quivered)
Armour
 c - a +0 leather armour (worn)
 m - a cursed -2 helmet (worn)
Jewellery
 g - a +3 ring of strength (left hand)
 l - a cursed -2 ring of protection (right hand)
Scrolls
 e - a scroll of fog
 h - 2 scrolls of immolation
 i - a scroll of amnesia
 j - a scroll of random uselessness
 k - a scroll of blinking {unknown}
 o - a scroll of remove curse {unknown}


   Skills:
 - Level 2.0 Fighting
 + Level 5.1 Bows
 - Level 1.5 Dodging
 - Level 0.7 Stealth


You had 3 spell levels left.
You didn't know any spells.

Dungeon Overview and Level Annotations

Branches:
Dungeon (4/15)
 Temple: D:4-7

Altars:
Makhleb
Nemelex Xobeh
Qazlal
Yredelemnul
The Shining One

Annotations:
D:3 ThereIsNoGod's ghost, amateur MiGl


Innate Abilities, Weirdness & Mutations

You do not eat or drink.
Your flesh is vulnerable to fire.
You are immune to poison.
Your flesh is cold resistant.
You are immune to negative energy.
You are immune to unholy pain and torment.
You can survive without breathing.


Message History

You shoot an arrow.
The arrow hits the orc priest but does no damage.
Firing (i - inventory):
d - 36 arrows (quivered)
Press: ? - help, Shift-Dir - straight line, f/p - orc priest
Aim: an orc priest, wielding a falchion You shoot an arrow.
The arrow barely misses the orc priest.
The arrow completely misses the orc.
The orc priest calls down the wrath of Beogh upon you.
Beogh smites you!
* * * LOW HITPOINT WARNING * * *
Firing (i - inventory):
d - 35 arrows (quivered)
Press: ? - help, Shift-Dir - straight line, f/p - orc priest
Aim: an orc priest, wielding a falchion You shoot an arrow.
The arrow closely misses the orc priest.
The arrow barely misses the orc. x2
The orc hits you from afar with a trident.
* * * LOW HITPOINT WARNING * * *
The orc priest hits you with a falchion!
You die...

###### ######....#
#.........#### #..#####.###
#### ###.......>..## ...
##...########..# #..#....#
##.# .. #.#...##########.#
#....
#(...ooo@........###.#.#
###..##########..##....#
#####..# #..#....###
#......### ##.#.#.....
#..##.....# ####......... #
#..o..# ###............
#.....# #..........<...
#.###.....# #...........###
#.$....##.#...............#


You could see an orc priest and 2 orcs.

Vanquished Creatures
  An orc wizard (D:4)
  Robin (D:3)
  An adder (D:2)
  A worm (D:2)
  2 dart slugs (D:1)
  A giant gecko (D:4)
  4 orcs
  5 bats
  3 giant cockroaches
  17 goblins
  9 hobgoblins
  2 quokkas
  4 giant newts
  3 kobolds
  5 rats
59 creatures vanquished.

Vanquished Creatures (others)
  4 toadstools (D:1)
4 creatures vanquished.

Grand Total: 63 creatures vanquished

Notes
Turn   | Place    | Note
--------------------------------------------------------------
     0 | D:1      | Alarkh the Mummy Hunter began the quest for the Orb.
     0 | D:1      | Reached XP level 1. HP: 16/16 MP: 1/1
    90 | D:1      | Reached XP level 2. HP: 6/22 MP: 2/2
   473 | D:1      | Reached skill level 4 in Bows
   822 | D:1      | Reached XP level 3. HP: 23/27 MP: 3/3
  1814 | D:3      | Noticed Robin
  2078 | D:3      | Found a basalt altar of Yredelemnul.
  2078 | D:3      | Found a stormy altar of Qazlal.
  2112 | D:3      | Reached XP level 4. HP: 21/33 MP: 4/4
  2127 | D:3      | Noticed ThereIsNoGod's ghost (amateur MiGl)
  2660 | D:3      | Found a sparkling altar of Nemelex Xobeh.
  2725 | D:3      | Killed Robin
  2825 | D:3      | Found a burning altar of Makhleb.
  3012 | D:3      | Found a glowing golden altar of the Shining One.
  3110 | D:4      | Reached skill level 5 in Bows
  3117 | D:4      | Slain by an orc priest

Skill      XL: |  1  2  3  4 |
---------------+-------------+-----
Bows           | 4 5 |  5.1
Fighting       | |  2.0
Dodging        | |  1.5
Stealth        | |  0.7

Action                   |  1- 3 |  4- 6 || total
-------------------------+-------+-------++-------
Melee: Short sword       |   184 |    23 ||   207
 Fire: Shortbow          |     6 |    32 ||    38
  Use: Scroll            |       |     4 ||     4
Armor: Leather armour    |    54 |     4 ||    58
Dodge: Dodged            |   120 |    17 ||   137
